Map: [ESL] Royal Blood

Players

GogojOey

  • Race: Zerg Zerg
  • Spawn Location: 7:00

MacSed - Winner!

  • Race: Protoss Protoss
  • Spawn Location: 1:00

Event: ESL SC2 Masters 2023 Summer (Regionals)

VOD

Have the link to the VOD?

Description

Time

  • Played on: May 10, 2023, 8:19 a.m.
  • Length: 8:25

All games in this series

Show
View Real Time Build Order
Export as new Build Order

GogojOey Zerg 

Build Orders: Hatch First 

Get SALT Encoding   

  12  0:00  Drone  
  13  0:12  Overlord  
  13  0:17  Drone  
  14  0:30  Drone x2  
  16  0:47  Drone x2  
  18  0:55  Hatchery  
  17  0:58  Drone  
  17  1:00  Extractor  
  17  1:12  Spawning Pool  
  17  1:15  Drone  
  17  1:18  Drone  
  18  1:28  Drone  
  19  1:39  Drone  
  20  1:50  Drone  
  21  2:00  Zergling x2  
  22  2:03  Metabolic Boost  
  22  2:06  Queen  
  22  2:07  Queen  
  27  2:08  Zergling x2  
  27  2:10  Overlord  
  27  2:18  Drone  
  28  2:28  Drone  
  29  2:31  Hatchery  
  29  2:35  Drone  
  29  2:39  Drone  
  29  2:41  Drone  
  31  2:46  Queen  
  33  2:53  Overlord  
  33  2:55  Drone  
  34  3:01  Zergling x2  
  34  3:02  Drone  
  36  3:10  Queen  
  36  3:11  Drone  
  36  3:12  Drone  
  40  3:15  Drone x3  
  40  3:19  Overlord  
  43  3:23  Drone  
  44  3:37  Queen  
  44  3:38  Drone x2  
  48  3:43  Drone x3  
  48  3:44  Queen  
  52  3:48  Queen  
  52  3:51  Drone  
  52  3:52  Drone  
  56  3:57  Roach Warren  
  55  4:04  Overlord x2  
  55  4:06  Overlord  
  55  4:12  Drone  
  55  4:16  Queen  
  55  4:17  Extractor  
  57  4:18  Spore Crawler  
  57  4:22  Queen  
  58  4:26  Overlord  
  58  4:31  Spore Crawler  
  57  4:38  Roach x2  
  57  4:39  Roach x3  
  57  4:44  Roach, Zergling x4  
  72  4:45  Zergling x2  
  72  4:51  Spore Crawler  
  71  4:53  Zergling x2  
  71  4:54  Zergling x4  
  71  4:57  Zergling x2  
  71  4:58  Zergling x2  
  71  4:59  Drone  
  76  5:02  Drone  
  76  5:03  Drone  
  76  5:07  Zergling x6  
  81  5:10  Ravager  
  81  5:13  Overlord  
  81  5:18  Ravager  
  82  5:27  Zergling x2  
  82  5:32  Ravager  
  82  5:33  Ravager  
  83  5:39  Zergling x16  
  89  5:48  Drone  
  88  5:55  Zergling x8  
  88  5:56  Overlord  
  84  6:08  Queen, Zergling x6  
  85  6:11  Lair  
  81  6:18  Zergling x6  
  81  6:21  Extractor x2  
  75  6:26  Roach  
  75  6:27  Drone  
  75  6:28  Drone  
  75  6:31  Evolution Chamber  
  75  6:34  Roach  
  75  6:39  Drone x2  
  78  6:41  Queen  
  78  6:43  Drone x8  
  78  6:44  Queen  
  90  6:50  Drone  
  90  6:51  Hatchery, Overlord  
  90  6:55  Drone  
  90  6:56  Drone  
  90  7:00  Drone  
  92  7:09  Drone x4  
  92  7:14  Overlord  
  96  7:19  Roach x5  
  106  7:24  Overlord x2  
  106  7:26  Overseer  
  106  7:32  Overlord  
  106  7:35  Drone  
  106  7:36  Drone  
  108  7:37  Drone x3  
  108  7:40  Roach  
  108  7:42  Overlord  
  119  7:44  Roach x3  
  119  7:48  Roach, Zergling x2  
  119  7:51  Ravager x3  
  123  7:56  Roach x2, Zergling x2  
  127  8:04  Roach x4, Zergling x2  
Show
View Real Time Build Order
Export as new Build Order

MacSed Protoss - Winner!

Build Orders: 1 Gate Expand, Oracle Opening, Zealot Archon 

Get SALT Encoding   

  12  0:00  Probe  
  13  0:12  Probe  
  14  0:19  Pylon  
  14  0:24  Probe  
  15  0:37  Probe (Chrono Boost)  
  15  0:40  Gateway  
  16  0:46  Probe (Chrono Boost)  
  17  0:50  Assimilator  
  17  0:51  Probe (Chrono Boost)  
  18  1:03  Probe  
  19  1:15  Probe  
  20  1:26  Nexus  
  20  1:37  Cybernetics Core  
  20  1:40  Probe  
  21  1:47  Assimilator  
  21  1:52  Probe  
  22  1:56  Pylon  
  22  2:04  Probe  
  23  2:11  Adept (Chrono Boost)  
  23  2:13  Warp Gate  
  25  2:16  Probe  
  26  2:27  Stargate  
  26  2:29  Probe (Chrono Boost)  
  27  2:34  Stalker (Chrono Boost)  
  29  2:40  Probe (Chrono Boost)  
  31  2:47  Probe (Chrono Boost)  
  31  2:49  Probe (Chrono Boost)  
  32  2:53  Probe (Chrono Boost)  
  32  2:54  Probe (Chrono Boost)  
  32  2:56  Adept  
  36  3:04  Pylon  
  36  3:05  Probe  
  37  3:06  Probe  
  38  3:13  Oracle  
  38  3:17  Probe  
  42  3:21  Probe  
  43  3:29  Probe  
  43  3:33  Probe  
  45  3:41  Probe  
  45  3:45  Probe  
  45  3:46  Nexus  
  47  3:49  Pylon  
  47  3:53  Probe  
  48  3:57  Probe  
  48  4:00  Twilight Council  
  49  4:05  Probe, Forge  
  49  4:09  Probe  
  51  4:15  Assimilator  
  51  4:17  Probe, Assimilator  
  51  4:21  Probe  
  51  4:22  Robotics Facility  
  53  4:33  Probe, Gateway  
  53  4:34  Probe  
  53  4:35  Gateway  
  55  4:41  Gateway  
  55  4:42  Gateway  
  55  4:50  Gateway  
  55  4:56  Zealot  
  57  5:00  Shield Battery  
  57  5:05  Protoss Ground Weapons Level 1  
  57  5:06  Charge  
  55  5:08  Immortal (Chrono Boost)  
  55  5:12  Gateway  
  59  5:18  Shield Battery, Sentry  
  61  5:23  Pylon  
  61  5:25  Gateway  
  59  5:33  Shield Battery  
  59  5:34  Sentry x2  
  59  5:35  Stalker  
  63  5:43  Immortal (Chrono Boost)  
  61  5:59  Zealot x4  
  69  6:09  Immortal (Chrono Boost)  
  65  6:14  Zealot x3  
  65  6:15  Pylon  
  71  6:23  Templar Archives  
  69  6:39  Gateway  
  69  6:41  Pylon x2  
  69  6:44  Pylon  
  69  6:45  Pylon  
  69  6:56  Warp Prism (Chrono Boost)  
  69  6:59  Probe  
  69  7:00  Probe  
  73  7:03  Pylon  
  73  7:08  High Templar x2  
  73  7:09  High Templar x2  
  73  7:12  Probe  
  73  7:13  Archon x2  
  82  7:17  Zealot x3  
  88  7:31  Nexus  
  88  7:41  High Templar x2  
  88  7:42  Zealot x3  
  98  7:47  Archon  
  98  7:49  Zealot x2  
  90  8:08  Zealot x6  
  82  8:13  Zealot x7  
  82  8:14  Zealot  
  98  8:21  Nexus  
Tags
 
Add a new tag
Caveats
  • Supply blocks, unpowered buildings, or Contaminate may cause inaccurate times.
  • Supply counts are checked every 10 seconds.